 Dungeon Crawl Stone Soup version 0.19-a0-16-g2b77abf (webtiles) character file.

33 Eucla the Sneak (level 3, -9/16 HPs)
             Began as a Spriggan Enchanter on Apr 29, 2016.
             Blown up by Ijyb (22 damage)
             ... with a wand of disintegration
             ... on level 2 of the Dungeon.
             The game lasted 00:02:47 (576 turns).

Eucla the Sneak (Spriggan Enchanter)                 Turns: 576, Time: 00:02:47

Health: -9/16      AC:  3    Str:  4    XL:     3   Next: 12%
Magic:  6/8        EV: 19    Int: 16    God:
Gold:   43         SH:  0    Dex: 17    Spells: 2 memorised, 4 levels left

rFire  . . .     SeeInvis +     g - -1 short sword (curse)
rCold  . . .     Gourm    .     b - +1 robe
rNeg   . . .     Faith    .     (shield restricted)
rPois  .         Spirit   .     (helmet restricted)
rElec  .         Dismiss  .     (no cloak)
rCorr  .         Reflect  .     (gloves unavailable)
SustAt .         Harm     .     (boots unavailable)
MR     .....                    (no amulet)
Stlth  +++.......               (no ring)
                                (no ring)

@: very quick, not resistant to hostile enchantments, fairly stealthy
A: unfitting armour, see invisible, herbivore 3, speed 3, slow metabolism 2
a: no special abilities


You were on level 2 of the Dungeon.
You were not hungry.

You visited 1 branch of the dungeon, and saw 2 of its levels.

You collected 43 gold pieces.

Inventory:

Hand Weapons
 a - a +1 dagger
 g - a cursed -1 short sword (weapon)
Armour
 b - a +1 robe (worn)
Potions
 e - a potion of curing {unknown}
 f - a potion of flight {unknown}
 h - a potion of cure mutation {unknown}
 i - a potion of heal wounds {unknown}
Books
 c - a book of Maledictions

   Spells                             Type                      Level
   a - Corona                         Hexes                        1
   b - Ensorcelled Hibernation        Hexes/Ice                    2
   c - Confuse                        Hexes                        3
   d - Tukima's Dance                 Hexes                        3
   e - Dazzling Spray                 Conjuration/Hexes            3
Comestibles
 d - 2 bread rations


   Skills:
 + Level 2.0 Short Blades
 + Level 3.5 Dodging
 * Level 4.9 Stealth
 - Level 2.6 Spellcasting
 + Level 4.1 Hexes


You had 4 spell levels left.
You knew the following spells:

 Your Spells              Type           Power        Failure   Level  Hunger
a - Corona                Hex            ###....      4%          1    #......
b - Ensorcelled Hibernat  Hex/Ice        #.....       14%         2    ##.....


Dungeon Overview and Level Annotations

Branches:
Dungeon (2/15)

Altars:

Annotations:
D:2 Ijyb


Innate Abilities, Weirdness & Mutations

You are tiny and cannot use many weapons and most armour.
You have supernaturally acute eyesight.
You are a herbivore.
You cover ground extremely quickly.
You need consume almost no food.


Message History

a club; a hobgoblin corpse Ijyb the Twisted Goblin comes into view.
You see here a scroll labeled WUSIUR XAXU.
Ijyb is nearby!
A giant newt comes into view.
Ijyb shouts!
You closely miss Ijyb. Ijyb hits you.
Unknown command.
Casting: Ensorcelled Hibernation
Confirm with . or Enter, or press ? or * to list all spells.
Aiming: Ensorcelled Hibernation
Press: ? - help, Shift-Dir - straight line, f - Ijyb
Aim: Ijyb, wearing a ring mail (chance to defeat MR: 49%) Ijyb looks drowsy...
The helpless Ijyb fails to defend himself.
You puncture Ijyb!
Ijyb is heavily wounded.
Ijyb zaps a wand.
You are blasted!
Ouch! That really hurt!
You die...

#<.......###
#........##
#.........## .
#.....?....###.#
##....?....!...#
#>......#.....#
#<.........#..
##........##
#.....@.##
#.....g.#
#######.l. .#...
.#...# .. #...
## .#. #


You could see Ijyb and a giant newt.

Vanquished Creatures
  A gnoll (D:1)
  A dart slug (D:1)
  2 bats (D:1)
  A giant cockroach (D:1)
  3 goblins (D:1)
  2 hobgoblins
  5 kobolds (D:1)
  A ball python (D:1)
  3 giant newts (D:1)
  3 rats (D:1)
22 creatures vanquished.

Notes
Turn   | Place    | Note
--------------------------------------------------------------
     0 | D:1      | Eucla the Spriggan Enchanter began the quest for the Orb.
     0 | D:1      | Reached XP level 1. HP: 9/9 MP: 5/5
   100 | D:1      | Reached XP level 2. HP: 11/13 MP: 3/6
   125 | D:1      | Learned a level 2 spell: Ensorcelled Hibernation
   435 | D:1      | Reached XP level 3. HP: 16/16 MP: 8/8
   568 | D:2      | Noticed Ijyb
   576 | D:2      | Blown up by Ijyb

Vault maps used:
D:1:      dpeg_arrival_fog, minmay_close_crescents
D:2:      nicolae_qazlal_style_of_elements, minmay_misc_feat_alley, uniq_iyjb,
          uniq_robin, uniq_terence

Skill      XL: |  1  2 |
---------------+-------+-----
Hexes          | 4 |  4.1
Short Blades   | 2 |  2.0
Dodging        | |  3.5
Stealth        | |  4.9
Spellcasting   | |  2.6

Action                   || total
-------------------------++-------
Melee: Dagger            ||    50
       Short sword       ||    15
 Cast: Corona            ||     7
       Ensorcelled Hiber ||     5
 Stab: Sleeping          ||    10
Armor: Robe              ||    14
Dodge: Dodged            ||    58
